 Dungeon Crawl Stone Soup version 0.27.1-35-g4d5d836560 (console) character file.

Game seed: 12143923653552157326

58 grimtooth the Skirmisher (level 3, 0/29 HPs)
             Began as a Demonspawn Abyssal Knight on June 4, 2022.
             Was a Believer of Lugonu.
             Slain by an iguana (8 damage)
             ... on level 4 of the Dungeon.
             The game lasted 00:08:42 (2034 turns).

grimtooth the Skirmisher (DsAK)                     Turns: 2034, Time: 00:08:43

Health: 0/29       AC:  5    Str: 13    XL:     3   Next: 76%
Magic:  4/4        EV: 11    Int: 13    God:    Lugonu [**....]
Gold:   90         SH:  0    Dex: 12    Spells: 2/2 levels left

rFire    + . .     SeeInvis .   a - +1 mace
rCold    + . .     Faith    .   (no shield)
rNeg     . . .     Spirit   .   b - +0 leather armour
rPois    .         Reflect  .   (no helmet)
rElec    .         Harm     .   o - scarf {rC+ rF+}
rCorr    .         Rampage  .   (no gloves)
Will     +....                  (no boots)
Stlth    +.........             (no amulet)
HPRegen  0.09/turn              e - ring of willpower
MPRegen  0.09/turn              (no ring)

@: no status effects
A: icy blue scales 1
a: Renounce Religion, Depart the Abyss, Bend Space


You were on level 4 of the Dungeon.
You worshipped Lugonu.
Lugonu was pleased with you.
You visited 1 branch of the dungeon, and saw 4 of its levels.
You visited the Abyss 1 time.

You collected 90 gold pieces.

Inventory:

Hand Weapons
 a - a +1 mace (weapon)
Missiles
 m - 4 stones (quivered)
Armour
 b - a +0 leather armour (worn)
 o - a scarf of resistance (worn)
Jewellery
 e - a ring of willpower (left hand)
 f - a ring of wizardry
Scrolls
 c - 2 scrolls of fear {unknown}
 d - a scroll of summoning {unknown}
 j - a scroll of acquirement {unknown}
 k - a scroll of noise {unknown}
 l - a scroll of amnesia {unknown}
Potions
 g - a potion of might {unknown}
 h - 3 potions of curing
 i - a potion of heal wounds
 n - a potion of brilliance
 p - a potion of haste {unknown}
 q - a potion of lignification


   Skills:
 + Level 3.6 Fighting
 * Level 3.2 Maces & Flails
 - Level 1.7 Armour
 - Level 0.8 Dodging
 - Level 2.4 Invocations


You had 2 spell levels left.
You didn't know any spells.
Your spell library contained the following spells:

 Spells                   Type           Power      Damage    Failure   Level
 Shock                    Conj/Air       0%         1d3       36%         1
 Sting                    Tmut/Pois      0%         1d3       36%         1
 Poisonous Vapours        Pois/Air       0%         N/A       52%         2
 Swiftness                Air            0%         N/A       75%         3
 Airstrike                Air            0%         N/A       98%         4
 Olgreb's Toxic Radiance  Pois           0%         N/A       98%         4


Dungeon Overview and Level Annotations

Branches:
Dungeon (4/15)
 Temple: D:4-7

Altars:
Xom

Annotations:
D:3 Sigmund


Innate Abilities, Weirdness & Mutations

You are partially covered in icy blue scales. (AC +2)


Message History

The iguana hisses angrily.
There are monsters nearby!
Throw: 5 stones
Press: ? - help, Q - select action, (/) - cycle Shift-Dir - straight line, f - iguana
Aim: an iguana (61% to hit)
You throw a stone.
The stone hits the iguana but does no damage.
You hit the iguana.
The iguana is lightly wounded.
The iguana closely misses you.
You hit the iguana.
The iguana is moderately wounded.
The iguana barely misses you.
You barely miss the iguana.
The iguana is moderately wounded.
The iguana bites you but does no damage. x2
You hit the iguana.
The iguana is heavily wounded.
The iguana bites you.
You barely miss the iguana.
The iguana is heavily wounded.
The iguana bites you but does no damage.
You hit the iguana.
The iguana is heavily wounded.
The iguana bites you. The iguana completely misses you.
You hit the iguana but do no damage.
The iguana is heavily wounded.
The iguana bites you.
You hit the iguana.
The iguana is almost dead.
The iguana closely misses you.
You hit the iguana.
The iguana is almost dead.
The iguana barely misses you.
You hit the iguana but do no damage.
The iguana is almost dead.
The iguana bites you!
* * * LOW HITPOINT WARNING * * *
The iguana bites you!
You die...

##############
#............#
###....#####.#
####.# #.# #.#
#.# .
#.#####.####.#
#...<.@......#
######l......#
########(.####...
..........# #.
#######..## #..#
..... ##......
##.###.# #.# #
#.#


You could see an iguana.

Vanquished Creatures
  2 adders (D:2)
  2 ball pythons
  7 bats
  3 endoplasms
  2 giant cockroaches
  2 goblins (D:1)
  2 hobgoblins
  3 jackals (D:1)
  4 kobolds
  2 quokkas
  2 frilled lizards (D:1)
  7 rats
38 creatures vanquished.

Notes
Turn   | Place    | Note
-------+----------+-------------------------------------------
     0 | Abyss:1  | grimtooth the Demonspawn Abyssal Knight began the quest for
                  | the Orb.
     0 | Abyss:1  | Reached XP level 1. HP: 18/18 MP: 2/2
    30 | D:1      | Escaped the Abyss
   150 | D:1      | Gained mutation: You are partially covered in icy blue
                  | scales. (AC +2) [demonic ancestry]
   150 | D:1      | Reached XP level 2. HP: 7/24 MP: 3/3
   732 | D:1      | Found a faded altar of an unknown god.
   966 | D:2      | Reached XP level 3. HP: 29/29 MP: 4/4
  1130 | D:2      | Reached ** piety under Lugonu
  1963 | D:3      | Noticed Sigmund
  1968 | D:3      | Found a shimmering altar of Xom.
  2034 | D:4      | Slain by an iguana

Illustrated notes

Levels and vault maps discovered:
D:1:      wander_arrival_chamber, layout_rooms,
          hellmonk_ecumenical_altar_inner_sanctum
D:2:      layout_loops_cross
D:3:      layout_loops_corners, lemuel_tele_altar, lemuel_round_altar,
          kennysheep_generic_room_9, uniq_sigmund
D:4:      layout_loops_ring, nzn_hepliaklqana_mist_gate, uniq_blork_the_orc,
          uniq_duvessa

Skill      XL: |  1  2  3 |
---------------+----------+-----
Maces & Flails | 2 3 |  3.2
Fighting       | |  3.6
Armour         | |  1.7
Dodging        | |  0.8
Invocations    | |  2.4

Action                   || total
-------------------------++-------
Melee: Mace              ||   115
Throw: Stone             ||     2
  Use: Scroll            ||     4
Armor: Leather armour    ||    65
Dodge: Dodged            ||    95
